 Dungeon Crawl Stone Soup version 0.21-a0-434-g806c6c2 (webtiles) character file.

494 Beatriz the Charmwright (level 7, -2/84 HPs)
             Began as a Gnoll Skald on Nov 9, 2017.
             Slain by an orc warrior
             ... wielding a +0 halberd
              (13 damage)
             ... on level 5 of the Dungeon.
             The game lasted 00:06:44 (4082 turns).

Beatriz the Charmwright (Gnoll Skald)               Turns: 4082, Time: 00:06:44

Health: -2/84      AC: 23    Str: 15      XL:     7   Next: 15%
Magic:  0/15       EV:  2    Int: 15      God:
Gold:   167        SH:  0    Dex: 14 (15) Spells: 13/17 levels left

rFire    . . .     SeeInvis .   n - +4 flail (protect)
rCold    . . .     Gourm    .   (no shield)
rNeg     + + +     Faith    .   (armour currently unavailable)
rPois    +         Spirit   +   (helmet currently unavailable)
rElec    .         Reflect  .   (cloak currently unavailable)
rCorr    .         Harm     .   (gloves currently unavailable)
MR       .....     NoTele   +   (boots currently unavailable)
Stlth    ++........             g - amulet of guardian spirit
HPRegen  0.24/turn              (no ring)
MPRegen  0.14/turn              (no ring)

@: tree-form, very slightly contaminated
A: distributed training, strong nose
a: no special abilities


You were on level 5 of the Dungeon.
You were hungry.
You were a tree.
You visited 1 branch of the dungeon, and saw 5 of its levels.

You collected 167 gold pieces.

Inventory:

Hand Weapons
 n - a +4 flail of protection (weapon)
Armour
 k - a +2 hat (melded)
 u - a +2 leather armour of fire resistance (melded)
Jewellery
 b - a +2 amulet of reflection {unknown}
 g - an amulet of guardian spirit (around neck)
 x - an uncursed ring of see invisible {unknown}
 y - an uncursed ring of see invisible {unknown}
Wands
 q - a wand of flame (11/48)
 t - a wand of polymorph (13/24)
 v - a wand of scattershot (4/9)
Scrolls
 f - a scroll of remove curse {unknown}
 o - 2 scrolls of fog {unknown}
 s - 3 scrolls of teleportation {unknown}
 w - a scroll of enchant weapon {unknown}
 z - a scroll of random uselessness {unknown}
Potions
 a - a potion of mutation {unknown}
 e - a potion of haste {unknown}
 j - a potion of brilliance {unknown}
 m - 3 potions of lignification
 p - a potion of agility
 r - a potion of heal wounds {unknown}
Books
 c - a book of Battle

   Spells                             Type                      Level
   a - Infusion                       Charms                       1
   b - Shroud of Golubria             Charms/Translocation         2
   c - Song of Slaying                Charms                       2
   d - Spectral Weapon                Hexes/Charms                 3
   e - Regeneration                   Charms/Necromancy            3
Comestibles
 d - 3 bread rations
 h - 2 fruits
 i - 4 meat rations
 l - 4 royal jellies


   Skills:
 + Level 5.1 Fighting
 + Level 2.2 Short Blades
 + Level 2.2 Long Blades
 + Level 5.1 Axes
 + Level 2.2 Maces & Flails
 + Level 2.2 Polearms
 + Level 2.2 Staves
 + Level 2.2 Slings
 + Level 2.2 Bows
 + Level 2.2 Crossbows
 + Level 2.2 Throwing
 + Level 3.4 Armour
 + Level 5.1 Dodging
 + Level 2.2 Stealth
 + Level 2.2 Shields
 + Level 2.2 Unarmed Combat
 + Level 5.5 Spellcasting
 + Level 1.8 Conjurations
 + Level 1.8 Hexes
 + Level 5.7 Charms
 + Level 1.8 Summonings
 + Level 1.8 Necromancy
 + Level 1.8 Translocations
 + Level 1.8 Transmutations
 + Level 1.8 Fire Magic
 + Level 1.8 Ice Magic
 + Level 1.8 Air Magic
 + Level 1.8 Earth Magic
 + Level 1.8 Poison Magic
 + Level 2.5 Invocations
 + Level 2.2 Evocations


You had 13 spell levels left.
You knew the following spells:

 Your Spells              Type           Power        Failure   Level  Hunger
a - Infusion              Chrm           ###.         1%          1    None
b - Regeneration          Chrm/Necr      ###.......   10%         3    ###....


Dungeon Overview and Level Annotations

Branches:
Dungeon (5/15)
 Temple: D:4-7

Altars:
Kikubaaqudgha
Nemelex Xobeh
Sif Muna
Xom

Shops:
D:5 %


Innate Abilities, Weirdness & Mutations

Your experience applies equally to all skills.
((You have very sharp teeth.))
Your uncanny sense of smell can sniff out nearby items.


Message History

Nothing appears to happen.
The orc warrior closely misses you. The orc misses you.
The orc wizard closely misses you.
Your leather armour prevents you from hitting the orc wizard.
Your bite misses the orc wizard.
The orc wizard is almost dead.
The orc warrior closely misses you. The orc closely misses you.
The orc wizard gestures at you while chanting.
The magic dart hits you!
* * * LOW HITPOINT WARNING * * *
You turn into a tree.
Your +2 hat melds into your body.
Your +2 leather armour of fire resistance melds into your body.
You feel less resistant to fire.
Your roots penetrate the ground.
The orc warrior hits you but does no damage.
The orc hits you but does no damage.
The orc wizard hits you but does no damage.
You closely miss the orc wizard.
The orc wizard is almost dead.
The orc hits you but does no damage.
The orc warrior hits you from afar with a halberd!
You die...

########...⌠.⌠..+
#..........._...#
#..........⌠.⌠..#
#...............#
#...............#
#...$...........#
#.....o.........#
#......o........#
#.....♣.........#
#.....o.........#
#################


You could see an orc warrior, an orc wizard and an orc.

Vanquished Creatures
  Edmund (D:4)
  A bullfrog (D:5)
  A jelly (D:5)
  A quasit (D:5)
  3 orc wizards (D:3)
  2 worker ants
  2 adders
  A shadow imp (D:4)
  2 oozes
  2 adder skeletons (D:4)
  2 dart slugs (D:4)
  A leopard gecko (D:1)
  7 orcs
  4 giant cockroaches
  8 goblins
  9 hobgoblins
  6 jackals
  2 quokkas
  10 bats
  4 frilled lizards
  5 kobolds
  8 rats
82 creatures vanquished.

Notes
Turn   | Place    | Note
-------+----------+-------------------------------------------
     0 | D:1      | Beatriz the Gnoll Skald began the quest for the Orb.
     0 | D:1      | Reached XP level 1. HP: 20/20 MP: 6/6
    53 | D:1      | Reached XP level 2. HP: 26/26 MP: 7/7
   671 | D:2      | Found a deep blue altar of Sif Muna.
   690 | D:2      | Reached XP level 3. HP: 31/31 MP: 9/9
   698 | D:2      | Learned a level 3 spell: Regeneration
   731 | D:2      | Reached skill level 5 in Spellcasting
   936 | D:2      | Reached skill level 1 in Invocations
  1116 | D:2      | Reached skill level 1 in Short Blades
  1116 | D:2      | Reached skill level 1 in Long Blades
  1116 | D:2      | Reached skill level 1 in Maces & Flails
  1116 | D:2      | Reached skill level 1 in Polearms
  1116 | D:2      | Reached skill level 1 in Staves
  1116 | D:2      | Reached skill level 1 in Slings
  1116 | D:2      | Reached skill level 1 in Bows
  1116 | D:2      | Reached skill level 1 in Crossbows
  1116 | D:2      | Reached skill level 1 in Throwing
  1116 | D:2      | Reached skill level 1 in Stealth
  1116 | D:2      | Reached skill level 1 in Shields
  1116 | D:2      | Reached skill level 1 in Unarmed Combat
  1116 | D:2      | Reached skill level 1 in Evocations
  1116 | D:2      | Reached XP level 4. HP: 16/38 MP: 11/11
  2227 | D:3      | Reached skill level 1 in Conjurations
  2227 | D:3      | Reached skill level 1 in Hexes
  2227 | D:3      | Reached skill level 1 in Summonings
  2227 | D:3      | Reached skill level 1 in Necromancy
  2227 | D:3      | Reached skill level 1 in Translocations
  2227 | D:3      | Reached skill level 1 in Transmutations
  2227 | D:3      | Reached skill level 1 in Fire Magic
  2227 | D:3      | Reached skill level 1 in Ice Magic
  2227 | D:3      | Reached skill level 1 in Air Magic
  2227 | D:3      | Reached skill level 1 in Earth Magic
  2227 | D:3      | Reached skill level 1 in Poison Magic
  2234 | D:3      | Reached XP level 5. HP: 17/43 MP: 4/12
  3004 | D:4      | Found an ancient bone altar of Kikubaaqudgha.
  3031 | D:4      | Reached XP level 6. HP: 21/50 MP: 11/13
  3294 | D:4      | Found a shimmering altar of Xom.
  3383 | D:4      | Noticed Edmund
  3424 | D:4      | HP: 2/50 [Edmund/flail of protection (1)]
  3434 | D:4      | Killed Edmund
  3434 | D:4      | Reached skill level 5 in Fighting
  3434 | D:4      | Reached skill level 5 in Axes
  3434 | D:4      | Reached skill level 5 in Dodging
  3886 | D:5      | Entered Level 5 of the Dungeon
  3967 | D:5      | Reached XP level 7. HP: 47/56 MP: 12/15
  4010 | D:5      | Found Siaqeisch's Food Shop.
  4047 | D:5      | Found Sisub's Antique Weapon Boutique.
  4053 | D:5      | Found a sparkling altar of Nemelex Xobeh.
  4082 | D:5      | Slain by an orc warrior

Vault maps used:
D:1:      dpeg_chamrin_arrival_tetris
D:2:      nicolae_overflow_crystal_walls
D:3:      kennysheep_the_goblin_king, first_bread
D:4:      kennysheep_mini_moat, old_standard_altar, uniq_edmund
D:5:      nemelex_xobeh_ov_fountains_minmay, serial_shops, nicolae_shop_trees,
          shop, grunt_ministairs_10

Skill      XL: |  1  2  3  4  5  6 |
---------------+-------------------+-----
Spellcasting   | 5 |  5.5
Invocations    | 1 2 |  2.5
Short Blades   | 1 2 |  2.2
Long Blades    | 1 2 |  2.2
Maces & Flails | 1 2 |  2.2
Polearms       | 1 2 |  2.2
Staves         | 1 2 |  2.2
Slings         | 1 2 |  2.2
Bows           | 1 2 |  2.2
Crossbows      | 1 2 |  2.2
Throwing       | 1 2 |  2.2
Stealth        | 1 2 |  2.2
Shields        | 1 2 |  2.2
Unarmed Combat | 1 2 |  2.2
Evocations     | 1 2 |  2.2
Conjurations   | 1 |  1.8
Hexes          | 1 |  1.8
Summonings     | 1 |  1.8
Necromancy     | 1 |  1.8
Translocations | 1 |  1.8
Transmutations | 1 |  1.8
Fire Magic     | 1 |  1.8
Ice Magic      | 1 |  1.8
Air Magic      | 1 |  1.8
Earth Magic    | 1 |  1.8
Poison Magic   | 1 |  1.8
Armour         | 3 |  3.4
Fighting       | 5 |  5.1
Axes           | 5 |  5.1
Dodging        | 5 |  5.1
Charms         | |  5.7

Action                   |  1- 3 |  4- 6 |  7- 9 || total
-------------------------+-------+-------+-------++-------
Melee: Hand axe          |   108 |   172 |       ||   280
       Bite              |     5 |    28 |     3 ||    36
       Flail             |       |    31 |    18 ||    49
       Punch             |       |       |     1 ||     1
 Cast: Regeneration      |       |     3 |       ||     3
Evoke: Wand              |       |     4 |       ||     4
  Use: Scroll            |       |     3 |       ||     3
       Potion            |       |     7 |     1 ||     8
 Stab: Sleeping          |     2 |     5 |       ||     7
  Eat: Chunk             |     1 |     9 |       ||    10
Armor: Leather armour    |    33 |    47 |     8 ||    88
       Skin              |       |     7 |     3 ||    10
Dodge: Dodged            |    92 |   159 |    34 ||   285

Table legend:
 A = Spawn XP
 B = Non-spawn XP
 C = Spawn XP percentage of total XP
 D = Spawn monster count
 E = Non-spawn monster count
 F = Spawn count percentage of total count
 G = Total turns spent on level
                    A         B        C        D         E        F      G
               +---------+---------+-------+---------+---------+-------+---------
         Total |       0 |     706 |   0.0 |       0 |      82 |   0.0 |  4082
               +---------+---------+-------+---------+---------+-------+---------
           D:1 |       0 |      29 |   0.0 |       0 |      16 |   0.0 |   627
           D:2 |       0 |      69 |   0.0 |       0 |      25 |   0.0 |  1103
           D:3 |       0 |     159 |   0.0 |       0 |      20 |   0.0 |  1214
           D:4 |       0 |     243 |   0.0 |       0 |      14 |   0.0 |   942
           D:5 |       0 |     206 |   0.0 |       0 |       7 |   0.0 |   196
               +---------+---------+-------+---------+---------+-------+---------
